Map: Moondance

Players

NightMare - Winner!

  • Race: Protoss Protoss
  • Spawn Location: 12:00

Neeb

  • Race: Protoss Protoss
  • Spawn Location: 6:00

Event: DreamHack SC2 Masters 2022 Atlanta (Offline)

VOD

Have the link to the VOD?

Description

Time

  • Played on: Nov. 19, 2022, 9:16 a.m.
  • Length: 5:22

All games in this series

Show
View Real Time Build Order
Export as new Build Order

NightMare Protoss - Winner!

Build Orders:  

Get SALT Encoding   

  12  0:00  Probe  
  13  0:12  Probe  
  14  0:17  Pylon  
  14  0:24  Probe (Chrono Boost)  
  15  0:36  Probe (Chrono Boost), Gateway  
  16  0:44  Probe (Chrono Boost)  
  16  0:47  Assimilator  
  17  0:50  Probe  
  18  0:57  Assimilator  
  18  1:03  Probe  
  19  1:12  Gateway  
  19  1:15  Probe (Chrono Boost)  
  20  1:24  Probe (Chrono Boost), Cybernetics Core  
  21  1:29  Probe (Chrono Boost)  
  22  1:34  Pylon  
  22  1:41  Probe  
  23  1:53  Probe  
  24  2:00  Warp Gate (Chrono Boost)  
  24  2:01  Stalker x2  
  28  2:08  Probe  
  28  2:13  Pylon  
  29  2:24  Pylon  
  29  2:37  Stalker x2  
  33  2:52  Robotics Facility  
  33  2:54  Gateway  
  32  3:07  Stalker x2  
  36  3:14  Pylon  
  36  3:38  Warp Prism (Chrono Boost)  
  38  3:45  Stalker x2  
  42  3:50  Stalker  
  44  4:00  Pylon  
  42  4:21  Stalker x2  
  42  4:22  Stalker  
  48  4:25  Observer  
  47  4:45  Stalker x3  
  51  5:13  Stalker x2  
  55  5:18  Pylon  
Show
View Real Time Build Order
Export as new Build Order

Neeb Protoss 

Build Orders:  

Get SALT Encoding   

  12  0:00  Probe  
  13  0:12  Probe  
  14  0:17  Pylon  
  14  0:24  Probe (Chrono Boost)  
  16  0:36  Gateway, Probe (Chrono Boost)  
  16  0:43  Probe (Chrono Boost)  
  16  0:45  Assimilator  
  17  0:51  Probe  
  17  0:53  Assimilator  
  18  1:03  Probe (Chrono Boost)  
  19  1:06  Gateway  
  20  1:12  Probe (Chrono Boost)  
  20  1:17  Probe (Chrono Boost)  
  20  1:24  Cybernetics Core  
  21  1:29  Probe  
  22  1:34  Pylon  
  22  1:41  Probe  
  23  1:53  Probe  
  24  1:59  Warp Gate (Chrono Boost)  
  24  2:00  Stalker x2  
  28  2:05  Probe  
  29  2:13  Pylon  
  29  2:30  Stalker  
  29  2:31  Stalker  
  33  2:55  Nexus  
  33  2:56  Probe  
  33  3:03  Sentry  
  37  3:08  Probe  
  37  3:11  Twilight Council  
  36  3:18  Pylon  
  36  3:20  Probe  
  37  3:30  Shield Battery  
  37  3:33  Probe  
  36  3:40  Sentry  
  38  3:45  Probe  
  39  3:54  Stalker  
  40  4:04  Shield Battery  
  40  4:08  Stalker  
  39  4:17  Sentry  
  41  4:24  Shield Battery  
  41  4:25  Shield Battery  
  41  4:28  Stalker  
  43  4:41  Stalker  
  45  4:47  Shield Battery  
  45  4:48  Stalker  
  45  4:50  Probe  
  45  4:51  Probe  
  40  5:03  Probe  
  40  5:04  Stalker  
  38  5:12  Stalker  
Tags
 
Add a new tag
Caveats
  • Supply blocks, unpowered buildings, or Contaminate may cause inaccurate times.
  • Supply counts are checked every 10 seconds.